 Dungeon Crawl Stone Soup version 0.28-a0-1506-g3893175d92 (webtiles) character file.

Game seed: 17260610390749781026

51 HallandMoats the Skirmisher (level 3, -8/33 HPs)
             Began as a Ghoul Fighter on Jan 14, 2022.
             Mangled by Sigmund (10 damage)
             ... on level 2 of the Dungeon.
             The game lasted 00:01:13 (1590 turns).

HallandMoats the Skirmisher (Ghoul Fighter)         Turns: 1590, Time: 00:01:14

Health: -8/33      AC:  7    Str: 19    XL:     3   Next: 83%
Magic:  2/2        EV: 13    Int:  5    God:
Gold:   74         SH:  4    Dex:  8    Spells: 2/2 levels left

rFire   . . .      SeeInvis .   b - +4 dagger
rCold   + . .      Faith    .   c - +0 buckler
rNeg    + + +      Spirit   .   i - +0 scale mail
rPois   ∞          Reflect  .   (no helmet)
rElec   .          Harm     .   (no cloak)
rCorr   .          Rampage  .   l - +0 pair of gloves
Will    .....                   (no boots)
Stlth   ..........              (no amulet)
HPRegen 0.00/turn               j - +4 ring of evasion
MPRegen 0.08/turn               (no ring)

@: mighty, inhibited regen
A: claws 1, cold resistance 1, negative energy resistance 3, inhibited
regeneration, torment resistance 2
a: no special abilities


You were on level 2 of the Dungeon.
You visited 1 branch of the dungeon, and saw 2 of its levels.

You collected 74 gold pieces.

Inventory:

Hand Weapons
 a - a +0 long sword
 b - a +4 dagger (weapon)
Armour
 c - a +0 buckler (worn)
 i - a +0 scale mail (worn)
 l - a +0 pair of gloves (worn)
Jewellery
 j - a +4 ring of evasion (left hand)
Scrolls
 e - a scroll of noise {unknown}
 g - a scroll of identify {unknown}
Potions
 f - 2 potions of brilliance {unknown}
 h - a potion of heal wounds {unknown}
 k - a potion of ambrosia {unknown}


   Skills:
 * Level 3.8 Fighting
 * Level 2.4 Long Blades
 + Level 2.9 Armour
 + Level 0.8 Dodging
 + Level 2.9 Shields
 + Level 0.9 Invocations


You had 2 spell levels left.
You didn't know any spells.
Your spell library was empty.

Dungeon Overview and Level Annotations

Branches:
Dungeon (2/15)

Altars:

Annotations:
D:2 Sigmund


Innate Abilities, Weirdness & Mutations

You thrive by killing the living.
You are immune to poison.
You have sharp fingernails.
Your flesh is cold resistant. (rC+)
You are immune to negative energy. (rN+++)
You do not regenerate when monsters are visible.
You are immune to unholy pain and torment.


Message History

Sigmund shouts!
The gnoll barely misses you.
You hit the gnoll.
The gnoll is heavily wounded.
Sigmund casts a spell.
Sigmund flickers and vanishes!
Deactivating autopickup; reactivate with Ctrl-A.
The gnoll hits you but does no damage.
You barely miss the gnoll.
The gnoll is heavily wounded.
The gnoll completely misses you.
You barely miss the gnoll.
The gnoll is heavily wounded.
The gnoll hits you with a +0 club.
You hit the gnoll.
The gnoll is almost dead.
The gnoll hits you with a +0 club.
You hit the gnoll.
You kill the gnoll!
The gnoll throws a throwing net.
The throwing net hits you.
You become entangled in the net!
You struggle against the net.
You struggle against the net.
The gnoll hits you but does no damage. Something hits you but does no damage.
You rip the net and break free!
You block the gnoll's attack.
You closely miss the gnoll. The gnoll hits you but does no damage.
Something hits you.
You hit the gnoll.
The gnoll is heavily wounded.
The gnoll hits you with a +0 whip. Something hits you but does no damage.
You puncture the gnoll!
You kill the gnoll!
Something hits you!
* * * LOW HITPOINT WARNING * * *
Items here: ( ))) ††.
You barely miss something. Something hits you.
* * * LOW HITPOINT WARNING * * *
You miss something. You puncture something! Something hits you!
You die...

.##..##...........#
.#....+...........#
.'.#..#...........#
.###..#...........#
.# #..............#
.# #.#............#
.# #..............#
##
###..#..###'#####
##.#..#....@..#
#.#..#.#^###....#
#....#.#.# ...#
##...(.#.# ..#
#...###.# .# ##..#
#.# # #..# #.# ....
... ###.#


There were no monsters in sight!

Vanquished Creatures
  3 gnolls (D:2)
  2 bats (D:1)
  An endoplasm (D:1)
  2 goblins (D:1)
  5 hobgoblins (D:1)
  3 jackals (D:1)
  A ball python (D:2)
  5 kobolds (D:1)
22 creatures vanquished.

Notes
Turn   | Place    | Note
-------+----------+-------------------------------------------
     0 | D:1      | HallandMoats the Ghoul Fighter began the quest for the Orb.
     0 | D:1      | Reached XP level 1. HP: 19/19 MP: 0/0
   310 | D:1      | Reached XP level 2. HP: 14/26 MP: 1/1
  1574 | D:2      | Noticed Sigmund
  1575 | D:2      | Reached XP level 3. HP: 33/33 MP: 2/2
  1590 | D:2      | Mangled by Sigmund

Illustrated notes

Levels and vault maps discovered:
D:1:      dpeg_arrival_round_c, layout_basic
D:2:      layout_basic, uniq_sigmund

Skill      XL: |  1 |
---------------+----+-----
Long Blades    | 2 |  2.4
Fighting       | |  3.8
Armour         | |  2.9
Dodging        | |  0.8
Shields        | |  2.9
Invocations    | |  0.9

Action                   || total
-------------------------++-------
Melee: Long sword        ||    51
       Dagger            ||    39
  Use: Potion            ||     1
Armor: Scale mail        ||    47
Dodge: Dodged            ||    49
Block: Buckler           ||    19

Table legend: (Time is in decaauts)
 A = Elapsed time spent in this place.
 B = Non-inter-level travel time spent in this place.
 C = Inter-level travel time spent in this place.
 D = Time resting spent in this place.
 E = Time spent auto-exploring this place.
 F = Levels seen in this place.
 G = Mean time per level.
                   A        B        C        D        E       F      G
               +--------+--------+--------+--------+--------+-----+--------+
         Total |   1603 |   1573 |     30 |      0 |   1360 |   2 |  801.5 |
       Dungeon |   1603 |   1573 |     30 |      0 |   1360 |   2 |  801.5 |
               +--------+--------+--------+--------+--------+-----+--------+

Top non-repeatable levels by time:
     D:1: 1520 daAuts
     D:2: 83 daAuts
